 Dungeon Crawl Stone Soup version 0.31-a0-435-g2c6fae2916 (webtiles) character file.

Game seed: 16396603426912832790

863 Dordric the Ruffian (level 7, -2/48 HPs)
             Began as a Demonspawn Shapeshifter on July 30, 2023.
             Was an Initiate of Gozag.
             Killed from afar by a steam dragon (20 damage)
             ... with a ball of steam
             ... on level 5 of the Dungeon on Aug 1, 2023.
             The game lasted 00:08:28 (4339 turns).

Dordric the Ruffian (Demonspawn Shapeshifter)       Turns: 4339, Time: 00:08:30

Health: -2/48      AC:  8    Str: 23    XL:     7   Next: 72%
Magic:  7/7        EV:  8    Int: 10    God:    Gozag
Gold:   212        SH:  0    Dex: 13    Spells: 6/6 levels left

rFire   . .          .
                       - Unarmed
rCold   . . .        (no shield)
rNeg    . . .        p - +0 chain mail
rPois   .            (helmet currently unavailable)
rElec   .            (cloak currently unavailable)
rCorr   .            (gloves currently unavailable)
SInv    .            (boots currently unavailable)
Will    .....        D - amulet of magic regeneration Stlth
                     A - +6 ring of strength
HPRegen 0.28/turn    (no ring)
MPRegen 0.50/turn

%: no passive effects
@: beast-form
A: beast (slay +3), antennae 1, hooves 1, ignite blood 2, weakness stinger 1
a: Begin Untransformation, Renounce Religion, Potion Petition, Call Merchant,
Bribe Branch


You were on level 5 of the Dungeon.
You worshipped Gozag.
Gozag was aware of your devotion.
You were a hulking beast.
You visited 1 branch of the dungeon, and saw 5 of its levels.

You collected 291 gold pieces.
You paid 79 gold pieces to Gozag.

Inventory:

Hand Weapons
 i - a +3 dagger of pain
 m - a +2 sling of electrocution
Armour
 a - a +0 animal skin
 f - a +0 scale mail
 p - a +0 chain mail (worn)
 q - a +2 pair of boots
 w - a +0 cloak
Jewellery
 A - a +6 ring of strength (left hand)
 D - an amulet of magic regeneration (around neck)
Talismans
 c - a beast talisman (active)
Wands
 k - a wand of mindburst (2)
 o - a wand of flame (22)
 u - a wand of roots (8)
Scrolls
 g - a scroll of blinking
 l - 2 scrolls of fear
 r - a scroll of enchant armour
 s - a scroll of vulnerability {unknown}
 v - a scroll of brand weapon
 x - a scroll of silence
 y - a scroll of fog
 E - a scroll of identify
Potions
 b - 2 potions of lignification
 d - a potion of enlightenment {unknown}
 e - a potion of heal wounds {unknown}
 h - a potion of curing {unknown}
 j - 4 potions of haste {unknown}
 n - a potion of berserk rage {unknown}
 t - a potion of cancellation {unknown}
 z - a potion of magic {unknown}
 B - 2 potions of might {unknown}
 C - a potion of brilliance {unknown}


   Skills:
 - Level 1.0 Fighting
 - Level 1.7 Dodging
 + Level 6.3 Unarmed Combat
 + Level 5.4 Shapeshifting


You had 6 spell levels left.
You didn't know any spells.
Your spell library contained the following spells:

 Spells                   Type           Power      Damage    Failure   Level
 Cigotuvi's Dreadful Rot  Necr/Pois/Air  0%         N/A       99%         2
 Dispel Undead            Necr           0%         3d6       100%        4
 Death Channel            Necr           0%         N/A       100%        6


Dungeon Overview and Level Annotations

Branches:
Dungeon (5/15)
 Temple: D:4-7

Altars:
Gozag
Sif Muna

Shops:
D:5 [*


Innate Abilities, Weirdness & Mutations

You are a hulking beast.
Your limbs bulge with bestial killing power. (Slay +3)
You have a pair of small antennae on your head.
You have large cloven feet.
Your demonic aura often causes spilled blood to erupt in flames.
You have a small tail.


Message History

The iguana hisses angrily.
You see here 5 gold pieces.
An iguana is nearby!
You punch the iguana!
The iguana is heavily wounded.
The iguana closely misses you.
You hit the iguana but do no damage. You kick the iguana.
The iguana is almost dead.
The iguana barely misses you.
You hit the iguana but do no damage. Your kick misses the iguana.
Your tail-slap misses the iguana.
The iguana is almost dead.
The iguana bites you!
You hit the iguana but do no damage.
The iguana is almost dead.
The iguana bites you.
You punch the iguana!
You kill the iguana!
No target in view!
No target in view!
A steam dragon is nearby!
A steam dragon is nearby!
A steam dragon is nearby!
The steam dragon hisses angrily.
Aiming: Mindburst
Press: ? - help, Shift-Dir - straight line, f - steam dragon
Aim: a steam dragon (chance to affect: 64%)
The steam dragon's mind is blasted!
You hit the steam dragon.
The steam dragon is heavily wounded.
The steam dragon breathes steam at you. The ball of steam hits you!!
You barely miss the steam dragon. You kick the steam dragon.
Your tail-slap misses the steam dragon.
The steam dragon is heavily wounded.
You are engulfed in a cloud of scalding steam.
The steam dragon breathes steam at you. The ball of steam hits you!!
You die...
Your body crumbles into a pile of gold.

.l..P.PP.#
#.......)).
..g.~.~P.#
##...#......
...P~P~...
##...###.....
....~.~P..#
##....# ##....
...P~.~...##
##.§..## ##...
......P....###
##○...## ##..
.../.....#...##
##§...## ###
#####
###$.###§....#
##$##h....##
#..D....##
####..### ####


You could see a steam dragon (catching breath).

Vanquished Creatures
  Grinder (D:5)
  A phantom (D:5)
  3 scorpions
  A hound (D:5)
  An orc priest (D:4)
  3 iguanas
  3 orc wizards
  Terence (D:2)
  5 adders
  3 gnolls (D:5)
  A shadow imp (D:5)
  3 worms
  3 dart slugs
  11 orcs
  9 endoplasms
  3 giant cockroaches
  9 goblins
  5 hobgoblins
  2 jackals (D:3)
  3 quokkas
  10 ball pythons
  4 bats
  A frilled lizard (D:1)
  7 kobolds
  4 rats
97 creatures vanquished.

Notes
Turn   | Place    | Note
-------+----------+-------------------------------------------
     0 | D:1      | Dordric the Demonspawn Shapeshifter began the quest for the
                  | Orb.
     0 | D:1      | Reached XP level 1. HP: 15/15 MP: 1/1
   176 | D:1      | Upgraded the game from 0.31-a0-426-g3a05650e59 to
                  | 0.31-a0-435-g2c6fae2916
   219 | D:1      | Reached skill level 3 in Unarmed Combat
   276 | D:1      | Gained mutation: Your demonic aura sometimes causes spilled
                  | blood to erupt in flames. [demonic ancestry]
   276 | D:1      | Reached XP level 2. HP: 17/21 MP: 2/2
   299 | D:1      | You fall into a shaft and drop 1 floor!
   924 | D:2      | Discovered your monstrous ancestry.
   924 | D:2      | Gained mutation: You have large cloven feet. [demonic
                  | ancestry]
   924 | D:2      | Reached XP level 3. HP: 14/26 MP: 3/3
  1036 | D:2      | Noticed Terence
  1052 | D:2      | Killed Terence
  1249 | D:2      | Gained mutation: You have a pair of small antennae on your
                  | head. [demonic ancestry]
  1249 | D:2      | Reached XP level 4. HP: 32/32 MP: 4/4
  1932 | D:3      | Reached skill level 4 in Unarmed Combat
  2075 | D:3      | Gained mutation: Your demonic aura often causes spilled
                  | blood to erupt in flames. [demonic ancestry]
  2075 | D:3      | Reached XP level 5. HP: 35/37 MP: 5/5
  2514 | D:4      | Reached XP level 6. HP: 43/43 MP: 6/6
  2568 | D:4      | Found an opulent altar of Gozag.
  2849 | D:4      | Found a shimmering blue altar of Sif Muna.
  3349 | D:4      | Reached skill level 5 in Unarmed Combat
  3510 | D:5      | Entered Level 5 of the Dungeon
  3576 | D:5      | Found Ninurta's Dragon-Slaying Spoils.
  3631 | D:4      | Became a worshipper of Gozag Ym Sagoz the Greedy
  3658 | D:5      | Found Wejur's Assorted Antiques.
  3706 | D:5      | Noticed Grinder
  3720 | D:5      | Paralysed by Grinder for 3 turns
  3724 | D:5      | Killed Grinder
  3725 | D:5      | Reached skill level 5 in Shapeshifting
  3725 | D:5      | Gained mutation: You have a small tail. [demonic ancestry]
  3725 | D:5      | Reached XP level 7. HP: 48/48 MP: 7/7
  3936 | D:5      | Noticed a steam dragon
  4188 | D:5      | Reached skill level 6 in Unarmed Combat
  4339 | D:5      | Killed from afar by a steam dragon

Illustrated notes

Levels and vault maps discovered:
D:1:      heliophobic_arrival_battle_scene, layout_loops_ring
D:2:      layout_rooms, minmay_tetromino_s4, uniq_terence
D:3:      layout_loops_cross
D:4:      layout_cave_pods, nicolae_sif_muna_condensation,
          nicolae_gozag_seed_capital
D:5:      layout_cave_pods, ebering_ghost_disaster_area, serial_shops,
          nicolae_shop_dealshenge, nicolae_shop_dragon_depot,
          dreamdust_gnoll_farm, uniq_grinder

Skill      XL: |  1  2  3  4  5  6  7 |
---------------+----------------------+-----
Unarmed Combat | 3 4 5 6 |  6.3
Shapeshifting  | 3 4 5 |  5.4
Fighting       | |  1.0
Dodging        | |  1.7

Action                     |  1- 3 |  4- 6 |  7- 9 || total
---------------------------+-------+-------+-------++-------
  Melee: Unarmed           |    69 |       |    15 ||    84
         Dagger            |    31 |   127 |    32 ||   190
         Kick              |     6 |    39 |    15 ||    60
         Punch             |     2 |     6 |       ||     8
         Tailslap          |       |       |     9 ||     9
   Fire: Sling             |     6 |     9 |       ||    15
  Evoke: Wand              |       |     4 |     1 ||     5
    Use: Scroll            |       |     8 |     1 ||     9
 Armour: Animal skin       |     2 |       |       ||     2
         Scale mail        |    25 |    34 |       ||    59
         Chain mail        |       |     2 |    18 ||    20
  Dodge: Dodged            |    40 |    68 |    19 ||   127

Table legend: (Time is in decaauts)
 A = Elapsed time spent in this place.
 B = Non-inter-level travel time spent in this place.
 C = Inter-level travel time spent in this place.
 D = Time resting spent in this place.
 E = Time spent auto-exploring this place.
 F = Levels seen in this place.
 G = Mean time per level.
                   A        B        C        D        E       F      G
               +--------+--------+--------+--------+--------+-----+--------+
         Total |   4346 |   4189 |    157 |    590 |   2766 |   5 |  869.2 |
       Dungeon |   4346 |   4189 |    157 |    590 |   2766 |   5 |  869.2 |
               +--------+--------+--------+--------+--------+-----+--------+

Top non-repeatable levels by time:
     D:4: 1206 daAuts
     D:1: 957 daAuts
     D:5: 794 daAuts
     D:3: 730 daAuts
     D:2: 656 daAuts
